 Dungeon Crawl Stone Soup version 0.28.0-62-gf88900778d (webtiles) character file.

Game seed: 14612849781771772719

3932 cbfl8 the Cleaver (level 10, -2/88 HPs)
             Began as a Minotaur Berserker on May 24, 2023.
             Was a Priest of Trog.
             Slain by a gnoll sergeant
             ... wielding a +0 spear of venom
              (7 damage)
             ... on level 8 of the Dungeon.
             The game lasted 00:06:37 (9231 turns).

cbfl8 the Cleaver (Minotaur Berserker)              Turns: 9231, Time: 00:06:38

Health: -2/88      AC: 14    Str: 29    XL:     10   Next: 1%
Magic:  9/9        EV:  9    Int: 11    God:    Trog [***...]
Gold:   392        SH:  4    Dex: 15    Spells: 9/9 levels left

rFire   . . .      SeeInvis +   t - +0 war axe of Incongruity {flame, Str-3 Int+4 SInv}
rCold   . . .      Faith    .   w - +0 buckler
rNeg    . . .      Spirit   .   i - +0 plate armour
rPois   .          Reflect  .   (helmet restricted)
rElec   .          Harm     .   (no cloak)
rCorr   .          Rampage  .   (no gloves)
Will    .....                   (no boots)
Stlth   ..........              x - amulet of Viph {Regen+ Str+5 Int+3}
HPRegen 1.04/turn               u - +6 ring of strength
MPRegen 0.11/turn               (no ring)

@: lethally poisoned (-2 -> -3), about to teleport
A: horns 2, retaliatory headbutt
a: Renounce Religion, Berserk, Trog's Hand


You were on level 8 of the Dungeon.
You worshipped Trog.
Trog was most pleased with you.
You visited 1 branch of the dungeon, and saw 8 of its levels.

You collected 392 gold pieces.

Inventory:

Hand Weapons
 t - the +0 war axe of Incongruity (weapon) {flame, Str-3 Int+4 SInv}
   (You found it on level 4 of the Dungeon)

   It burns those it strikes, dealing additional fire damage.
   Big, fiery blades are also staple armaments of hydra-hunters.
   Str:       It affects your strength (-3).
   Int:       It affects your intelligence (+4).
   SInv:      It lets you see invisible.
Armour
 i - a +0 plate armour (worn)
 w - a +0 buckler (worn)
Jewellery
 u - a +6 ring of strength (left hand)
 x - the amulet of Viph (around neck) {Regen+ Str+5 Int+3}
   (You found it on level 5 of the Dungeon)

   [amulet of regeneration]

   Str:       It affects your strength (+5).
   Int:       It affects your intelligence (+3).
   Regen:     It increases your rate of health regeneration.
Wands
 a - a wand of flame (16)
 f - a wand of iceblast (5)
 p - a wand of paralysis (2)
 D - a wand of digging (9)
Scrolls
 c - a scroll of fear {unknown}
 d - a scroll of immolation {unknown}
 e - 2 scrolls of teleportation
 g - a scroll of fog
 h - a scroll of noise
 k - a scroll of enchant weapon
 s - a scroll of enchant armour
 v - a scroll of magic mapping {unknown}
 y - a scroll of holy word {unknown}
 z - a scroll of vulnerability {unknown}
Potions
 b - 2 potions of magic {unknown}
 j - a potion of lignification {unknown}
 l - a potion of attraction {unknown}
 m - 2 potions of flight {unknown}
 n - 2 potions of berserk rage {unknown}
 o - 2 potions of invisibility {unknown}
 q - 2 potions of brilliance {unknown}
 r - 2 potions of haste {unknown}
 A - a potion of curing {unknown}
 B - a potion of heal wounds {unknown}
 C - a potion of mutation {unknown}


   Skills:
 + Level 7.8 Fighting
 + Level 11.5 Axes
 + Level 9.8 Armour
 + Level 4.9 Dodging
 + Level 1.9 Stealth
 + Level 2.4 Shields


You had 9 spell levels left.
You didn't know any spells.
Your spell library was empty.

Dungeon Overview and Level Annotations

Branches:
Dungeon (8/15)             Temple (0/1) D:6
   Lair: D:8-11

Altars:
Cheibriados
Dithmenos
Makhleb
Yredelemnul

Shops:
D:2 *

Annotations:
D:6 3 runed translucent doors, Ajencis's ghost, novice GrIE


Innate Abilities, Weirdness & Mutations

You have a pair of horns on your head.
You reflexively headbutt those who attack you in melee.


Message History

Unknown command.
You struggle against the net.
You feel very sick.
The gnoll hits you from afar with a +0 halberd.
The gnoll sergeant hits you but does no damage.
The gnoll hits you but does no damage.
Unknown command.
You shred the net and break free!
You feel very sick.
The gnoll hits you from afar with a +0 halberd!
* * * LOW HITPOINT WARNING * * *
The gnoll sergeant splashes around in the water.
The gnoll barely misses you. The gnoll hits you but does no damage.
As you read the scroll of teleportation, it crumbles to dust.
You feel strangely unstable.
You feel very sick. The gnoll barely misses you.
The gnoll sergeant hits you with a +0 spear of venom!
* * * LOW HITPOINT WARNING * * *
The gnoll hits you with a +0 flail.
* * * LOW HITPOINT WARNING * * *
The gnoll hits you but does no damage.
You feel very sick. The gnoll sergeant barely misses you.
The gnoll sergeant splashes around in the water.
Okay, then.
You slash the plant!
The plant begins to die.
You burn the plant.
The plant is lightly damaged.
You hit the gnoll but do no damage.
You feel sick. The gnoll hits you with a +0 flail.
* * * LOW HITPOINT WARNING * * *
The gnoll hits you from afar with a +0 halberd.
* * * LOW HITPOINT WARNING * * *
The gnoll sergeant closely misses you.
Your surroundings seem slightly different.
You feel sick.
As you read the scroll of teleportation, it crumbles to dust.
You feel strangely unstable.
You feel sick.
The gnoll sergeant hits you from afar with a +0 spear of venom!
You die...

............##.
#..................##.
....###..................##.
.......♣.....................
......≈≈.♣...................
#..≈.≈≈P≈......####.........
##...##.≈≈.≈.≈♣..................
.....##.≈≈≈≈g.g.............#####
....# #.≈≈≈≈≈≈g.@........... ###
....###.≈≈≈≈≈.g."#..........###..
....#....≈§≈.≈♣..# ......#.......
....#...≈.P≈≈....# .............
.####...†≈≈≈≈♣...# ###.........
.†.......≈≈≈....... #.........
.####....P.P........ #......###
.# #|.".............####........
.##.#.......##...###.............


You could see a gnoll sergeant and 3 gnolls.

Vanquished Creatures
  A boulder beetle (D:7)
  A two-headed ogre (D:8)
  A troll (D:6)
  A wyvern (D:4)
  3 black bears
  2 ice beasts
  2 sky beasts
  An orc warrior (D:7)
  2 necrophages
  An ogre (D:4)
  A phantom (D:6)
  A kobold brigand (D:8)
  2 bullfrogs
  A gnoll sergeant (D:4)
  A scorpion (D:5)
  A water moccasin skeleton (D:6)
  An electric eel (D:8)
  2 howler monkeys (D:8)
  A bullfrog zombie (D:6)
  2 jellies
  4 hounds
  2 orc priests
  A bullfrog skeleton (D:5)
  A centaur skeleton (D:5)
  4 orc wizards
  3 iguanas
  2 killer bee zombies
  A hound skeleton (D:5)
  A howler monkey zombie (D:8)
  8 gnolls
  14 adders
  A shadow imp (D:6)
  A white imp (D:8)
  An adder skeleton (D:5)
  3 worms
  A dart slug (D:3)
  14 orcs
  8 ball pythons
  2 endoplasms
  3 giant cockroaches
  8 goblins
  6 hobgoblins
  4 quokkas
  7 bats
  A frilled lizard (D:1)
  10 kobolds
  4 rats
143 creatures vanquished.

Vanquished Creatures (others)
  4 plants
4 creatures vanquished.

Grand Total: 147 creatures vanquished

Notes
Turn   | Place    | Note
-------+----------+-------------------------------------------
     0 | D:1      | cbfl8 the Minotaur Berserker began the quest for the Orb.
     0 | D:1      | Reached XP level 1. HP: 19/19 MP: 0/0
   481 | D:1      | Reached XP level 2. HP: 27/27 MP: 1/1
   513 | D:1      | Reached skill level 4 in Axes
  1407 | D:2      | Reached XP level 3. HP: 33/33 MP: 2/2
  1450 | D:2      | Reached ** piety under Trog
  2100 | D:2      | Found Hoosmirr's General Store.
  2143 | D:2      | Found a faded altar of an unknown god.
  2568 | D:3      | Reached XP level 4. HP: 41/41 MP: 3/3
  2690 | D:3      | Reached skill level 5 in Axes
  3570 | D:4      | Reached XP level 5. HP: 44/45 MP: 4/4
  3853 | D:4      | Noticed a wyvern
  3858 | D:4      | Killed a wyvern
  3859 | D:4      | Reached skill level 5 in Fighting
  3859 | D:4      | Reached skill level 1 in Stealth
  3859 | D:4      | Reached XP level 6. HP: 8/56 MP: 5/5
  3859 | D:4      | HP: 1/84 [iguana (7)]
  4523 | D:4      | Reached skill level 6 in Axes
  4577 | D:4      | Identified the +0 war axe of Incongruity {flame, Str-3
                  | Int+4 SInv}
  4668 | D:4      | Reached skill level 5 in Armour
  4961 | D:4      | Reached XP level 7. HP: 58/61 MP: 6/6
  5062 | D:4      | Reached *** piety under Trog
  5084 | D:4      | HP: 2/61 [gnoll/+0 spear (4)]
  5089 | D:4      | HP: 1/61 [gnoll/+0 spear (1)]
  5864 | D:4      | Identified the +0 ring mail "Foung" {MP+9}
  5897 | D:5      | Entered Level 5 of the Dungeon
  6049 | D:5      | Identified the amulet of Viph {Regen+ Str+5 Int+3}
  6112 | D:5      | Reached skill level 7 in Axes
  6333 | D:5      | Found a shadowy altar of Dithmenos.
  6631 | D:6      | Reached skill level 1 in Shields
  6631 | D:6      | Reached XP level 8. HP: 61/70 MP: 7/7
  6648 | D:6      | Reached skill level 8 in Axes
  6861 | D:6      | Found a runed translucent gate.
  6861 | D:6      | Found a runed translucent gate.
  6864 | D:6      | Found a runed translucent gate.
  6890 | D:6      | Noticed Ajencis's ghost (novice GrIE)
  6902 | D:6      | Found a staircase to the Ecumenical Temple.
  6925 | D:6      | Noticed a troll
  6933 | D:6      | Killed a troll
  6990 | D:6      | Reached skill level 9 in Axes
  7464 | D:6      | Found a snail-covered altar of Cheibriados.
  7838 | D:7      | Reached XP level 9. HP: 75/78 MP: 8/8
  8198 | D:7      | Reached skill level 10 in Axes
  8229 | D:7      | Noticed a boulder beetle
  8241 | D:7      | Killed a boulder beetle
  8810 | D:8      | Found a basalt altar of Yredelemnul.
  8811 | D:8      | Found a burning altar of Makhleb.
  8987 | D:8      | Reached skill level 11 in Axes
  9132 | D:8      | Noticed a two-headed ogre
  9140 | D:8      | Killed a two-headed ogre
  9195 | D:8      | Reached XP level 10. HP: 88/88 MP: 9/9
  9231 | D:8      | Slain by a gnoll sergeant

Illustrated notes

Levels and vault maps discovered:
D:1:      scummos_arrival_forest, layout_loops_corners
D:2:      layout_loops_ring, serial_forest, infiniplex_forest_clump_C,
          infiniplex_forest_lined_3, infiniplex_forest_lined_room_,
          infiniplex_forest_fountain, infiniplex_forest_zigzag_1,
          infiniplex_forest_lined_2, infiniplex_forest_straight_2,
          infiniplex_forest_clump_curved, infiniplex_forest_join, serial_shops,
          nicolae_shop_window_shopping, shapermc_ecumenical_altar_mp_highgroup,
          nicolae_concentric_dashed_squares_mild, minmay_pentomino_t2
D:3:      layout_basic
D:4:      layout_basic, lightli_minifort
D:5:      layout_cave_pools, lemuel_round_altar
D:6:      layout_basic, mainiacjoe_overflow_boulevard,
          minmay_temple_entry_crystal_x, gammafunk_ghost_icy
D:7:      layout_basic
D:8:      layout_basic, mainiacjoe_overflow_divided_tiny, serial_bayou_pond_b

Skill      XL: |  1  2  3  4  5  6  7  8  9 |
---------------+----------------------------+-----
Fighting       | 4 5 6 7 |  7.8
Axes           | 4 5 6 7 9 11 | 11.5
Armour         | 3 4 5 7 8 9 |  9.8
Dodging        | 3 4 |  4.9
Stealth        | 1 |  1.9
Shields        | 1 2 |  2.4

Action                   |  1- 3 |  4- 6 |  7- 9 | 10-12 || total
-------------------------+-------+-------+-------+-------++-------
Melee: Hand axe          |    88 |    89 |       |       ||   177
       Headbutt          |     5 |    21 |    30 |       ||    56
       War axe           |       |    15 |   170 |    14 ||   199
       Punch             |       |     1 |       |       ||     1
Invok: Berserk           |       |     1 |     4 |       ||     5
  Use: Scroll            |     1 |       |     5 |     2 ||     8
Armor: Animal skin       |    13 |       |       |       ||    13
       Ring mail         |    16 |       |       |       ||    16
       Scale mail        |     4 |    23 |    51 |       ||    78
       Plate armour      |       |       |    12 |    10 ||    22
Dodge: Dodged            |    52 |    50 |   114 |     8 ||   224
Block: Buckler           |       |       |    18 |     3 ||    21
